 Dungeon Crawl Stone Soup version 0.13-a0-2926-g9203b68 (webtiles) character file.

220 JacquesDerrida the Shooter (level 4, -1/36 HPs)
             Began as a Demigod Hunter on Sept 3, 2013.
             Slain by an adder (4 damage)
             ... on Level 3 of the Dungeon.
             The game lasted 00:07:38 (2556 turns).

JacquesDerrida the Shooter (Demigod Hunter)         Turns: 2556, Time: 00:07:39

HP  -1/36        AC  0     Str 15      XL: 4   Next: 33%
MP   7/7         EV 11     Int 17      God:
Gold 112         SH  0     Dex 17      Spells:  0 memorised,  3 levels left

Res.Fire  : . . .   See Invis. : .   a - +0 short sword (curse)
Res.Cold  : . . .   Warding    : .   d - +0 leather armour
Life Prot.: . . .   Conserve   : .   (no shield)
Res.Poison: .       Res.Corr.  : .   (no helmet)
Res.Elec. : .       Clarity    : .   (no cloak)
Sust.Abil.: . .     Spirit.Shd : .   (no gloves)
Res.Mut.  : .       Stasis     : .   (no boots)
Res.Rott. : .       Flight     : .   (no amulet)
Saprovore : . . .                    (no ring)
                                     s - cursed -3 ring of protection

@: mildly poisoned, slightly resistant to hostile enchantments, unstealthy
A: no striking features
a: no special abilities


You were on level 3 of the Dungeon.
You were not hungry.

You visited 1 branch of the dungeon, and saw 3 of its levels.

You collected 92 gold pieces.

Inventory:

Hand weapons
 a - a cursed +0,+0 short sword (weapon)
 b - a +1,+1 bow
Missiles
 c - 46 arrows
Armour
 d - a +0 leather armour (worn)
Comestibles
 f - 2 bread rations
Scrolls
 e - a scroll of curse jewellery
 g - a scroll of fog
 j - 2 scrolls of identify
 k - a scroll of amnesia
 o - 4 scrolls of curse weapon
Jewellery
 s - a cursed -3 ring of protection (left hand)
Potions
 h - 4 potions of curing {unknown}
 i - 3 potions of degeneration {unknown}
 m - a potion of heal wounds {unknown}
 n - a potion of agility {unknown}


   Skills:
 - Level 0.8 Fighting
 + Level 5.5 Bows
 - Level 1.7 Dodging
 - Level 0.8 Stealth


You had 3 spell levels left.
You didn't know any spells.

Dungeon Overview and Level Annotations

Branches:
Dungeon (3/27)


Message History

You barely miss the bat. The bat hits you. The adder bites you.
You are poisoned.
The adder poisons you!
You hit the adder but do no damage. The bat hits you. The adder bites you.
You closely miss the adder.
You feel sick. The bat hits you. The adder bites you.
You closely miss the adder. The bat barely misses you.
The bat closely misses you. The adder bites you. The adder bites you.
The bat hits you.
You miss the adder.
You feel sick. The bat misses you. The adder bites you.
You are more poisoned.
The adder poisons you!
You barely miss the adder. The adder bites you.
* * * LOW HITPOINT WARNING * * *
The giant newt bites you.
* * * LOW HITPOINT WARNING * * *
The bat hits you.
* * * LOW HITPOINT WARNING * * *
The adder bites you.
You die...

...........# ##...
#...........# ##..##
#...........# ###..##
#...........#######...##
#...........'.......###
#...........#########
######..#####
######...###
#.......l@..#
.......bS..#
..........>#
...........# ).........#
.........# ........#
.>.....# ...


You could see an adder, a bat and a giant newt.

Vanquished Creatures
  3 adders (D:2)
  3 gnolls (D:2)
  A giant gecko (D:2)
  A ball python (D:2)
  4 bats
  4 giant cockroaches
  4 hobgoblins
  4 jackals (D:1)
  8 giant newts
  8 goblins
  5 kobolds
  A quokka (D:2)
  10 rats
56 creatures vanquished.

Notes
Turn   | Place    | Note
--------------------------------------------------------------
     0 | D:1      | JacquesDerrida, the Demigod Hunter, began the quest for the Orb.
     0 | D:1      | Reached XP level 1. HP: 17/17 MP: 2/2
     3 | D:1      | Noticed a troll
     5 | D:1      | Noticed a minotaur
     5 | D:1      | Noticed a ghoul
     7 | D:1      | Noticed an octopode
     7 | D:1      | Noticed a centaur
     9 | D:1      | Noticed a dwarf
     9 | D:1      | Noticed a vampire
    11 | D:1      | Noticed a spriggan
    11 | D:1      | Noticed a demonspawn
    13 | D:1      | Noticed a felid
    13 | D:1      | Noticed a tengu
    15 | D:1      | Noticed a demigod
    15 | D:1      | Noticed a naga
    17 | D:1      | Noticed a merfolk
    17 | D:1      | Noticed an elf
    19 | D:1      | Noticed a human
    19 | D:1      | Noticed a draconian
    21 | D:1      | Noticed an ogre
   518 | D:1      | Reached skill level 4 in Bows
   539 | D:1      | Reached XP level 2. HP: 8/24 MP: 3/3
   919 | D:1      | runewalsh: Слушай.
   920 | D:1      | runewalsh: Как макросы делать?
   920 | D:1      | JacquesDerrida: DA
   920 | D:1      | JacquesDerrida: Тилька-m
   937 | D:1      | JacquesDerrida: вот результат
   940 | D:1      | JacquesDerrida: nbkmrf
   940 | D:1      | JacquesDerrida: тилька
   940 | D:1      | JacquesDerrida: какая еще тилька
   940 | D:1      | JacquesDerrida: тильда
   940 | D:1      | JacquesDerrida: дама такая
   940 | D:1      | JacquesDerrida: Австрийская
  1229 | D:1      | runewalsh: Мда. Что за игра с геймплеем из двух кнопках.
  1231 | D:1      | runewalsh: *ок.
  1280 | D:1      | JacquesDerrida: говенная
  1280 | D:1      | JacquesDerrida: лоховская
  1355 | D:2      | Reached XP level 3. HP: 25/29 MP: 5/5
  1527 | D:2      | JacquesDerrida: игры это вообще дерьмо гонское
  1527 | D:2      | JacquesDerrida: конское
  1645 | D:2      | Reached skill level 5 in Bows
  1683 | D:2      | Reached XP level 4. HP: 33/36 MP: 7/7
  1748 | D:2      | Found a bloodstained altar of Trog.
  1812 | D:2      | JacquesDerrida: ну это приколюха конечно
  2248 | D:3      | Noticed a sky beast
  2556 | D:3      | Slain by an adder

Action                   |  1- 3 |  4- 6 || total
-------------------------+-------+-------++-------
Melee: Short sword       |   113 |    60 ||   173
 Fire: Bow               |    46 |       ||    46
  Use: Scroll            |       |     6 ||     6
